 Dungeon Sprint DCSS version 0.21-a0-49-g7bf2ba4 (webtiles) character file.

63613 Kidiri the Brawler (level 13, -4/142 (145) HPs)
             Began as a Troll Monk on June 10, 2017.
             Was an Elder of Wu Jian.
             Slain by an azure jelly (35 damage)
             ... in the Dungeon (Sprint III: "The Ten Rune Challenge").
             The game lasted 00:48:45 (5847 turns).

Kidiri the Brawler (Troll Monk)                     Turns: 5847, Time: 00:48:46

HP:   -4/142 (145)  AC: 17    Str: 26    XL:     13   Next: 48%
MP:   0/16          EV: 17    Int:  6    God:    Wu Jian [****..]
Gold: 1047          SH:  0    Dex: 18    Spells: 12/12 levels left

rFire    + + .     SeeInvis +     - Unarmed
rCold    . . .     Gourm    +   (no shield)
rNeg     + . .     Faith    .   y - +1 fire dragon scales
rPois    .         Spirit   +   t - +2 hat of the Bear Spirit {Spirit, +Rage rN+ MR++}
rElec    .         Reflect  .   w - scarf {cloud immunity}
rCorr    .         Harm     .   (gloves unavailable)
MR       ++++.     NoTele   +   (boots unavailable)
Stlth    ++........             (no amulet)
Regen    0.8/turn               i - ring of Bymupno {rC+ MR+ Dex+2 SInv}
MPRegen  0.2/turn               s - +4 ring of strength

@: glowing, studying 2 skills, heavenly storm
A: unfitting armour, claws 3, camouflage 1, fast metabolism 3, gourmand, magic
resistance 1, sense surroundings 1, regeneration 1, shaggy fur 1, tough skin 2
}: 2/10 runes: decaying, barnacled
a: Serpent's Lash, Renounce Religion, Evoke Berserk Rage


You were in the Dungeon.
You worshipped Wu Jian.
Wu Jian was greatly pleased with you.
You were full.

You visited 1 branch You collected 5395 gold pieces.
You spent 4348 gold pieces at shops.

Inventory:

Hand Weapons
 v - a +0 shortbow
 I - a +0 blowgun
Missiles
 c - 8 throwing nets
 J - 5 needles of paralysis
 K - 5 javelins (quivered)
 N - 47 stones
 P - 12 poisoned needles
Armour
 a - a +2 robe of magic resistance
 t - the +2 hat of the Bear Spirit (worn) {Spirit, +Rage rN+ MR++}
   (You bought it in a shop in the Dungeon)

   It protects you from negative energy.
   It affects your resistance to hostile enchantments.
   It lets you go berserk.
 w - a scarf of cloud immunity (worn)
 y - +1 fire dragon scales (worn)
Jewellery
 i - the ring of Bymupno (left claw) {rC+ MR+ Dex+2 SInv}
   (You bought it in a shop in the Dungeon)

   [ring of protection from cold]

   It affects your dexterity (+2).
   It protects you from cold.
   It affects your resistance to hostile enchantments.
   It lets you see invisible.
 s - a +4 ring of strength (right claw)
 u - an uncursed ring of flight
Scrolls
 j - 5 scrolls of fear
 k - a scroll of torment
 m - 4 scrolls of remove curse
 o - a scroll of immolation
 p - a scroll of enchant weapon {unknown}
 C - 4 scrolls of blinking
 E - 2 scrolls of identify
Potions
 d - 7 potions of curing
 e - a potion of haste
 f - 3 potions of magic
 g - a potion of berserk rage
 n - a potion of agility
 q - 3 potions of flight
 r - 2 potions of mutation
 x - a potion of ambrosia
 z - a potion of brilliance
 A - a potion of resistance
 G - 4 potions of heal wounds
 H - a potion of might
Books
 h - a book of Cantrips

   Spells                             Type                      Level
   a - Confusing Touch                Hexes                        1
   b - Animate Skeleton               Necromancy                   1
   c - Summon Small Mammal            Summoning                    1
   d - Apportation                    Translocation                1
 D - a manual of Crossbows
 F - a manual of Slings
Comestibles
 b - 4 bread rations
 l - 28 royal jellies
 B - 2 meat rations


   Skills:
 * Level 13.9 Fighting
 + Level 4.8 Bows
 + Level 6.1 Throwing
 + Level 10.2 Armour
 * Level 14.0 Dodging
 * Level 11.1 Stealth
 * Level 16.4 Unarmed Combat
 + Level 5.6 Evocations


You had 12 spell levels left.
You didn't know any spells.

Dungeon Overview and Level Annotations

Branches:
Dungeon (1/1)

Altars:
Cheibriados
Dithmenos
Elyvilon
Fedhas
Gozag
Hepliaklqana
Kikubaaqudgha
Makhleb
Nemelex Xobeh
Okawaru
Qazlal
Ru
Sif Muna
Trog
Uskayaw
Vehumet
Wu Jian
Xom
Yredelemnul
Zin
The Shining One
Beogh
Jiyva
Lugonu

Shops:
D (!=%[[=[!*}%:(==?:(

Annotations:
D exclusions: 3 doors and 2 more exclusions


Innate Abilities, Weirdness & Mutations

You are too large for most types of armour.
You have claws for hands.
Your metabolism is lightning-fast.
You like to eat raw meat.
Your natural rate of healing is unusually fast.
You are covered in fur. (AC +1)
You have very tough skin. (AC +2)
Your skin changes colour to match your surroundings (Stealth+).
You are resistant to hostile enchantments. (MR+)
You passively map a small area around you.


Message History

You mangle the azure jelly!!
The azure jelly is heavily wounded.
The azure jelly closely misses you.
The azure jelly hits you but does no damage. x2
The azure jelly closely misses you.
Unknown command.
You eviscerate the azure jelly!!!
The azure jelly is almost dead.
The azure jelly hits you but does no damage.
The azure jelly hits you. The azure jelly freezes you!
* * * LOW HITPOINT WARNING * * *
The azure jelly closely misses you.
The azure jelly hits you but does no damage.
Okay, then.
You completely miss the azure jelly.
The azure jelly is almost dead.
The azure jelly hits you!
* * * LOW HITPOINT WARNING * * *
The azure jelly freezes you!!!
You die...

▓.................#___#__+...#
▓▓▓▓▓▓▓▓▓▓▓▓▓▓▓▓▓▓▓▓▓▓▓▓▓▓▓▓▓▓
▓...+≈≈≈≈≈..≈≈♣♣.....♣♣♣♣≈≈≈.
▓..P#≈.≈§§§.≈.♣♣.≈≈≈≈'♣♣'♣≈≈≈
▓.PP#.≈≈§§§≈≈≈.'.....#.≈♣♣♣♣♣
▓..P#≈≈≈≈§≈≈≈≈♣♣♣♣♣♣♣#..♣♣
▓..)#≈≈≈.≈§≈≈≈♣ ###'♣♣♣♣
▓##+####'#######♣ ♣♣♣♣.##..
▓........)§§@JJ§♣♣ ♣...##.##
▓#+#############'♣ ♣♣.##.##.
▓...#≈......J.J..♣ ♣..#.##.
▓...'≈≈...########♣♣ ♣♣.##.##
▓...#≈≈≈J.........P♣ ♣♣.##.##
▓...#≈≈≈≈...P.....P♣ ♣.....##
#+#############+#### ########
* * #.♣♣ ▓ *, ** #♣.♣ ▓


You could see 2 azure jellies.

Vanquished Creatures
  Rupert (D)
  A kraken (D)
  Gastronok (D)
  Dowan (D)
  An azure jelly (D)
  2 dire elephants (D)
  2 hydras (D)
  Erolcha (D)
  4 alligator snapping turtles (D)
  4 death yaks (D)
  Urug (D)
  A deep elf knight (D)
  3 death drakes (D)
  A spectral hydra (D)
  A spriggan druid (D)
  An orange crystal statue (D)
  A lindwurm (D)
  An orc knight (D)
  5 deep elf magi (D)
  2 elephants (D)
  2 black mambas (D)
  2 spiny frogs (D)
  Duvessa (D)
  A komodo dragon (D)
  A rime drake (D)
  3 wandering mushrooms (D)
  A queen bee (D)
  2 tyrant leeches (D)
  A hornet (D)
  3 orc high priests (D)
  8 blink frogs (D)
  A shadow (D)
  2 snapping turtles (D)
  5 redbacks (D)
  2 spriggans (D)
  A spatial vortex (D)
  3 hydra simulacra (D)
  2 orc warriors (D)
  A swamp drake (D)
  A necrophage (D)
  A black mamba simulacrum (D)
  10 swamp dragon skeletons (D)
  5 two-headed ogres (D)
  A water elemental (D)
  32 killer bees (D)
  An electric eel (D)
  A jelly (D)
  3 orc priests (D)
  A wizard (D)
  Jessica (D)
  2 orc wizards (D)
  A necromancer (D)
  3 humans (D)
  A kobold demonologist (D)
  A wolf (D)
  An ooze (D)
  11 orcs (D)
  2 rats (D)
  A fungus (D)
  7 plants (D)
164 creatures vanquished.

Vanquished Creatures (others)
  2 draconian scorchers (D)
  A hydra (D)
  6 hellions (D)
  3 yaktaurs (D)
  A fungus (D)
  15 plants (D)
  8 tentacles (D)
36 creatures vanquished.

Grand Total: 200 creatures vanquished

Notes
Turn   | Place    | Note
-------+----------+-------------------------------------------
     0 | D        | Kidiri the Troll Monk began the quest for the Orb.
     0 | D        | Reached XP level 1. HP: 22/22 MP: 0/0
    20 | D        | Noticed Jessica
    26 | D        | Killed Jessica
    26 | D        | Reached skill level 1 in Armour
    26 | D        | Reached skill level 4 in Unarmed Combat
    26 | D        | Reached XP level 2. HP: 11/31 MP: 1/1
    26 | D        | Reached XP level 3. HP: 13/37 MP: 2/2
    95 | D        | Killed a yaktaur
   105 | D        | Killed a hellion
   106 | D        | Killed a hellion
   144 | D        | Killed a hellion
   144 | D        | Killed a hellion
   145 | D        | Killed a hellion
   146 | D        | Gained mutation: You are surrounded by a mild repulsion field. (EV +2) [potion of mutation]
   146 | D        | Gained mutation: You have a pair of small antennae on your head. [potion of mutation]
   147 | D        | Lost mutation: You are surrounded by a mild repulsion field. (EV +2) [potion of mutation]
   147 | D        | Lost mutation: You have a pair of small antennae on your head. [potion of mutation]
   147 | D        | Gained mutation: You have a pair of small antennae on your head. [potion of mutation]
   147 | D        | Gained mutation: You are clumsy. (Dex -2) [potion of mutation]
   147 | D        | Gained mutation: Your flesh is heat resistant. (rF+) [potion of mutation]
   147 | D        | Gained mutation: You are resistant to hostile enchantments. (MR+) [potion of mutation]
   148 | D        | Lost mutation: Your flesh is heat resistant. (rF+) [potion of mutation]
   148 | D        | Lost mutation: You have a pair of small antennae on your head. [potion of mutation]
   148 | D        | Lost mutation: You are clumsy. (Dex -2) [potion of mutation]
   148 | D        | Gained mutation: Your skin changes colour to match your surroundings (Stealth+). [potion of mutation]
   148 | D        | Gained mutation: You passively map a small area around you. [potion of mutation]
   158 | D        | Killed a hellion
   174 | D        | Noticed a water elemental
   207 | D        | Killed a yaktaur
   258 | D        | Killed a white draconian scorcher
   261 | D        | Killed a water elemental
   261 | D        | Reached skill level 5 in Unarmed Combat
   261 | D        | Reached XP level 4. HP: 26/49 MP: 3/3
   284 | D        | Killed a white draconian scorcher
   302 | D        | Found an ornate altar of the Wu Jian Council.
   302 | D        | Found an iron altar of Okawaru.
   303 | D        | Found a roughly hewn altar of Beogh.
   303 | D        | Found a bloodstained altar of Trog.
   303 | D        | Found a hide-covered altar of Uskayaw.
   303 | D        | Noticed a human
   303 | D        | Noticed a human
   305 | D        | Became a worshipper of the Wu Jian Council
   305 | D        | Reached * piety under Wu Jian
   305 | D        | Reached ** piety under Wu Jian
   314 | D        | Killed a human
   314 | D        | Reached skill level 5 in Fighting
   314 | D        | Reached skill level 5 in Dodging
   314 | D        | Reached skill level 6 in Unarmed Combat
   314 | D        | Reached XP level 5. HP: 38/57 MP: 4/4
   318 | D        | Killed a human
   318 | D        | Reached skill level 7 in Unarmed Combat
   318 | D        | Reached XP level 6. HP: 41/67 MP: 5/5
   365 | D        | Found a radiant altar of Vehumet.
   366 | D        | Found a deep blue altar of Sif Muna.
   366 | D        | Found an ancient bone altar of Kikubaaqudgha.
   369 | D        | Reached *** piety under Wu Jian
   387 | D        | Found a glowing silver altar of Zin.
   388 | D        | Found a glowing golden altar of the Shining One.
   388 | D        | Found a white marble altar of Elyvilon.
   388 | D        | Noticed a deep elf mage
   390 | D        | Killed a deep elf mage
   390 | D        | Reached skill level 5 in Stealth
   390 | D        | Reached skill level 8 in Unarmed Combat
   390 | D        | Reached XP level 7. HP: 78/78 MP: 6/6
   404 | D        | Found a basalt altar of Yredelemnul.
   404 | D        | Found a shadowy altar of Dithmenos.
   404 | D        | Found a sacrificial altar of Ru.
   422 | D        | Noticed a shadow
   426 | D        | Killed a shadow
   426 | D        | Reached **** piety under Wu Jian
   426 | D        | Reached skill level 9 in Unarmed Combat
   426 | D        | Reached XP level 8. HP: 80/87 MP: 7/7
   434 | D        | Found a blossoming altar of Fedhas.
   434 | D        | Found a stormy altar of Qazlal.
   435 | D        | Found a snail-covered altar of Cheibriados.
   435 | D        | Found a burning altar of Makhleb.
   435 | D        | Found a hazy altar of Hepliaklqana.
   435 | D        | Found a shimmering altar of Xom.
   435 | D        | Found an opulent altar of Gozag.
   435 | D        | Found a sparkling altar of Nemelex Xobeh.
   435 | D        | Found a corrupted altar of Lugonu.
   435 | D        | Found a viscous altar of Jiyva.
   442 | D        | Reached skill level 5 in Armour
   468 | D        | Reached ***** piety under Wu Jian
   540 | D        | Noticed a two-headed ogre
   542 | D        | Killed a two-headed ogre
   558 | D        | Noticed a two-headed ogre
   558 | D        | Noticed Erolcha
   565 | D        | Killed Erolcha
   565 | D        | Reached skill level 10 in Unarmed Combat
   565 | D        | Reached XP level 9. HP: 91/97 MP: 8/8
   572 | D        | Killed a two-headed ogre
   668 | D        | Reached skill level 11 in Unarmed Combat
   777 | D        | Noticed a wandering mushroom
   781 | D        | Noticed a wandering mushroom
   783 | D        | Noticed a wandering mushroom
   784 | D        | Killed a wandering mushroom
   829 | D        | Noticed a spiny frog
   829 | D        | Noticed a komodo dragon
   829 | D        | Noticed a spiny frog
   836 | D        | Killed a spiny frog
   956 | D        | Killed a spiny frog
   956 | D        | Reached XP level 10. HP: 67/110 MP: 9/9
  1094 | D        | Reached skill level 10 in Fighting
  1166 | D        | Reached skill level 10 in Dodging
  1271 | D        | Noticed a lindwurm
  1380 | D        | Killed a lindwurm
  1380 | D        | Reached skill level 12 in Unarmed Combat
  1445 | D        | Noticed Urug
  1447 | D        | Killed Urug
  1537 | D        | Reached ****** piety under Wu Jian
  1648 | D        | Reached XP level 11. HP: 96/120 MP: 10/10
  1649 | D        | Reached skill level 13 in Unarmed Combat
  1841 | D        | Noticed an orc knight
  1850 | D        | Found Itillemi's Armour Boutique.
  1850 | D        | Killed an orc knight
  1911 | D        | Bought the +2 hat of the Bear Spirit {Spirit, +Rage rN+ MR++} for 547 gold pieces
  1986 | D        | Noticed a deep elf mage
  1986 | D        | Noticed a deep elf mage
  1986 | D        | Noticed a deep elf knight
  1986 | D        | Noticed a deep elf mage
  1986 | D        | Noticed a deep elf mage
  1994 | D        | Killed a deep elf knight
  1997 | D        | Killed a deep elf mage
  1997 | D        | Reached skill level 1 in Evocations
  1997 | D        | Killed a deep elf mage
  1998 | D        | Killed a deep elf mage
  1998 | D        | Noticed a deep elf demonologist
  2000 | D        | Killed a deep elf mage
  2017 | D        | Noticed a deep elf death mage
  2217 | D        | Noticed Rupert
  2230 | D        | Killed Rupert
  2230 | D        | Reached skill level 1 in Bows
  2230 | D        | Reached skill level 1 in Throwing
  2230 | D        | Reached skill level 14 in Unarmed Combat
  2272 | D        | Noticed a death yak
  2273 | D        | Noticed a death yak
  2277 | D        | Noticed a death yak
  2283 | D        | Noticed a death yak
  2284 | D        | Killed a death yak
  2289 | D        | Killed a death yak
  2293 | D        | Killed a death yak
  2293 | D        | Reached XP level 12. HP: 105/133 MP: 9/13
  2314 | D        | Killed a death yak
  2335 | D        | Noticed an azure jelly
  2335 | D        | Noticed an azure jelly
  2582 | D        | HP: 6/133 [poisoned by a death drake (foul vapour)]
  2587 | D        | HP: 3/133 [poisoned by a death drake (foul vapour)]
  2592 | D        | HP: 2/133 [poisoned by a death drake (foul vapour)]
  2598 | D        | HP: 2/133 [poisoned by a death drake (foul vapour)]
  2605 | D        | HP: 4/133 [poisoned by a death drake (foul vapour)]
  2802 | D        | Noticed an azure jelly
  2802 | D        | Noticed an azure jelly
  2975 | D        | Noticed a dire elephant
  2975 | D        | Noticed a dire elephant
  2975 | D        | Noticed Gastronok
  2979 | D        | Killed Gastronok
  2979 | D        | Reached skill level 10 in Stealth
  2979 | D        | Reached skill level 15 in Unarmed Combat
  2990 | D        | Killed a dire elephant
  3087 | D        | Killed a dire elephant
  3265 | D        | Noticed Dowan
  3265 | D        | Noticed Duvessa
  3280 | D        | Killed Dowan
  3288 | D        | Killed Duvessa
  3431 | D        | Found Jogeitia's Antique Weapon Shoppe.
  3431 | D        | Found Zangapur's Distillery.
  3431 | D        | Found Zaullotz's Jewellery Emporium.
  3621 | D        | Noticed a deep elf demonologist
  3623 | D        | Noticed a deep elf death mage
  3790 | D        | Noticed a yaktaur captain
  3951 | D        | Found Kuraprig's Book Emporium.
  3951 | D        | Found Dimil's Jewellery Shop.
  3951 | D        | Found Dehiemou's Gadget Boutique.
  3951 | D        | Found Ezapyije's Antique Weapon Shoppe.
  3951 | D        | Found Agrob's Food Boutique.
  3951 | D        | Found Yzeas's Antique Weapon Emporium.
  3951 | D        | Found Ettythe's General Store.
  3951 | D        | Found Lyngul's Book Shop.
  3951 | D        | Found Plog's Distillery.
  3951 | D        | Found Immusos's Magic Scroll Emporium.
  3951 | D        | Found Icutocw's Antique Armour Emporium.
  3951 | D        | Found Wuyfoemi's Jewellery Boutique.
  3996 | D        | Bought the ring of Bymupno {rC+ MR+ Dex+2 SInv} for 598 gold pieces
  3996 | D        | Bought a +4 ring of strength for 351 gold pieces
  3996 | D        | Bought an uncursed ring of flight for 227 gold pieces
  4006 | D        | Bought a potion of curing for 36 gold pieces
  4006 | D        | Bought a potion of resistance for 120 gold pieces
  4006 | D        | Bought a potion of curing for 36 gold pieces
  4006 | D        | Bought a potion of curing for 36 gold pieces
  4006 | D        | Bought a potion of curing for 36 gold pieces
  4006 | D        | Bought a potion of curing for 36 gold pieces
  4007 | D        | Bought shiny fire dragon scales for 1575 gold pieces
  4010 | D        | Bought 3 scrolls of fear for 105 gold pieces
  4010 | D        | Bought a scroll of identify for 20 gold pieces
  4010 | D        | Bought 3 scrolls of blinking for 225 gold pieces
  4272 | D        | Noticed a Hell Sentinel
  4274 | D        | Noticed a deep elf blademaster
  4393 | D        | Noticed a seven-headed hydra
  4393 | D        | Noticed an eight-headed hydra
  4401 | D        | Reached skill level 5 in Throwing
  4450 | D        | Killed a seven-headed hydra
  4584 | D        | Killed a 12-headed hydra
  4584 | D        | Reached XP level 13. HP: 117/141 MP: 12/15
  4641 | D        | Found a blossoming altar of Fedhas.
  4779 | D        | Noticed a kraken
  4809 | D        | Killed a kraken
  4809 | D        | Reached skill level 5 in Evocations
  5013 | D        | Reached skill level 16 in Unarmed Combat
  5096 | D        | Reached skill level 10 in Armour
  5329 | D        | Found Qeimead's Jewellery Boutique.
  5329 | D        | Found Akaody's Antique Armour Shop.
  5329 | D        | Found Hiolloal's Food Emporium.
  5338 | D        | Got a barnacled rune of Zot
  5340 | D        | Bought a runed scarf for 192 gold pieces
  5721 | D        | Bought a potion of curing for 39 gold pieces
  5721 | D        | Bought 2 potions of heal wounds for 130 gold pieces
  5721 | D        | Bought a potion of curing for 39 gold pieces
  5767 | D        | Got a decaying rune of Zot
  5842 | D        | Killed an azure jelly
  5847 | D        | Slain by an azure jelly

Vault maps used:
D:        dungeon_sprint_mu

Skill      XL: |  1  2  3  4  5  6  7  8  9 10 11 12 13 |
---------------+----------------------------------------+-----
Fighting       | 3 4 5 6 7 8 9 11 12 13 | 13.9
Armour         | 1 2 3 4 5 6 7 8 9 10 | 10.2
Dodging        | 3 4 5 6 7 8 9 11 12 13 14 | 14.0
Unarmed Combat | 4 5 6 7 8 9 10 11 12 14 15 16 | 16.4
Stealth        | 2 3 4 5 6 7 8 9 10 11 | 11.1
Evocations     | 2 4 5 |  5.6
Bows           | 1 3 4 |  4.8
Throwing       | 2 5 6 |  6.1

Action                   |  1- 3 |  4- 6 |  7- 9 | 10-12 | 13-15 || total
-------------------------+-------+-------+-------+-------+-------++-------
Melee: Unarmed           |    32 |    26 |    70 |   381 |   109 ||   618
       Punch             |       |       |     3 |    25 |    19 ||    47
 Fire: Shortbow          |       |       |       |    14 |       ||    14
Throw: Throwing net      |       |       |       |     1 |     1 ||     2
       Javelin           |       |       |       |     7 |       ||     7
Invok: Serpent's Lash    |       |       |     3 |    18 |    10 ||    31
       Heavenly Storm    |       |       |     1 |     9 |     2 ||    12
 Abil: Evoke Flight      |       |       |       |     1 |       ||     1
       Evoke Berserk Rag |       |       |       |       |     1 ||     1
  Use: Scroll            |     5 |       |       |     2 |       ||     7
       Potion            |     3 |       |     1 |     2 |       ||     6
 Stab: Sleeping          |     1 |     1 |     6 |     9 |     1 ||    18
       Distracted        |       |       |       |     2 |     2 ||     4
       Held in net/web   |       |       |       |     1 |     2 ||     3
  Eat: Chunk             |     6 |     2 |     4 |    31 |     9 ||    52
       Fruit             |       |       |       |       |     8 ||     8
Armor: Robe              |     7 |     6 |     2 |    42 |     1 ||    58
       Fire dragon scale |       |       |       |       |    30 ||    30
Dodge: Dodged            |    16 |    11 |    34 |   193 |    57 ||   311
